 Dungeon Crawl Stone Soup version 0.24.1 (webtiles) character file.

Game seed: 4742094452416818282, levelgen mode: deterministic

292 lepoulpe303 the Ruffian (level 6, -2/61 HPs)
             Began as a Troll Monk on Mar 26, 2020.
             Was a Believer of Qazlal.
             Slain by laxxamousse2's ghost (6 damage)
             ... on level 3 of the Dungeon.
             The game lasted 00:05:35 (2075 turns).

lepoulpe303 the Ruffian (Troll Monk)                Turns: 2075, Time: 00:05:35

Health: -2/61      AC:  6    Str: 22      XL:     6   Next: 10%
Magic:  1/5        EV: 11    Int:  6      God:    Qazlal [**....]
Gold:   56         SH:  2    Dex:  9 (12) Spells: 5/5 levels left

rFire    . . .     SeeInvis .     - Unarmed
rCold    . . .     Gourm    +   (no shield)
rNeg     . . .     Faith    .   a - +0 robe
rPois    .         Spirit   .   (helmet restricted)
rElec    .         Reflect  .   (no cloak)
rCorr    .         Harm     .   (gloves unavailable)
MR       .....                  (boots unavailable)
Stlth    +.........             (no amulet)
HPRegen  0.60/turn              (no ring)
MPRegen  0.09/turn              (no ring)

@: no status effects
A: large, unfitting armour, claws 3, fast metabolism 3, gourmand, regeneration
1, shaggy fur 1, tough skin 3
a: Upheaval, Renounce Religion


You were on level 3 of the Dungeon.
You worshipped Qazlal.
Qazlal was pleased with you.
You were very full.

You visited 1 branch of the dungeon, and saw 3 of its levels.

You collected 56 gold pieces.

Inventory:

Missiles
 j - 10 poisoned darts
Armour
 a - a +0 robe (worn)
Jewellery
 g - an uncursed ring of fire {rF+, rC-}
Wands
 p - a wand of enslavement (11)
Scrolls
 c - 2 scrolls of immolation {unknown}
 i - a scroll of identify
 k - a scroll of teleportation {unknown}
 n - a scroll of fog {unknown}
Potions
 b - a potion of brilliance {unknown}
 d - a potion of agility {unknown}
 f - a potion of haste {unknown}
 m - a potion of resistance {unknown}
 o - a potion of lignification {unknown}
 q - 3 potions of curing
Comestibles
 e - 9 rations
 h - a chunk of flesh


   Skills:
 * Level 3.5 Fighting
 + Level 1.3 Throwing
 * Level 3.4 Dodging
 + Level 1.5 Stealth
 * Level 4.4 Unarmed Combat
 * Level 0.5 Invocations


You had 5 spell levels left.
You didn't know any spells.
Your spell library was empty.

Dungeon Overview and Level Annotations

Branches:
Dungeon (3/15)

Altars:
Qazlal
Wu Jian

Annotations:
D:3 1 transporter, laxxamousse2's ghost, amateur TrTm


Innate Abilities, Weirdness & Mutations

You are too large for most types of armour.
You have claws for hands.
Your metabolism is lightning-fast.
You like to eat raw meat.
Your natural rate of healing is unusually fast.
You are covered in fur. (AC +1)
You have extremely tough skin. (AC +3)


Message History

Increase (S)trength, (I)ntelligence, or (D)exterity?
You feel stronger. x2
You regained 2 hp, and now have 14/61 hp.
It was a potion of curing.
You feel better.
q - 3 potions of curing;
g - an uncursed ring of fire {rF+, rC-} Laxxamousse2's ghost hits you!
* * * LOW HITPOINT WARNING * * *
You claw laxxamousse2's ghost! You closely miss laxxamousse2's ghost.
Laxxamousse2's ghost completely misses you.
You closely miss laxxamousse2's ghost. Laxxamousse2's ghost hits you!
* * * LOW HITPOINT WARNING * * *
You take 7 damage, and have 8/61 hp.
You closely miss laxxamousse2's ghost. Laxxamousse2's ghost misses you.
You closely miss laxxamousse2's ghost. Laxxamousse2's ghost hits you.
* * * LOW HITPOINT WARNING * * *
You take 5 damage, and have 4/61 hp.
You scratch laxxamousse2's ghost but do no damage.
Laxxamousse2's ghost hits you.
You die...

...........###...).)..........#..
...........# #................#.#
...........# #................#..
........#### #.........(......#..
#######.########..............#..
##### #..........####©###.....#..
....###......#####..###.##.......
###.)........#...W#......##.....#
....÷.......##..@#...#....#......
....####....#..!.○.#..##..#.#####
##.....#....#©.##..©..# .#..# #
......##....#.....#.....#.##.####
.)....##....##.##..=###....#.#...
......##.....# ...?$..#..##.....
......##.....##..##### ###..#...
......##......####.©.####....#...
......##..........[..........#...


You could see laxxamousse2's ghost.

Levels and vault maps discovered:
D:1:      psy_arrival_wood_between_worlds, layout_loops_ring
D:2:      layout_basic, lemuel_round_altar, minmay_circle_x
D:3:      layout_basic, overflow_temple_1_default, gammafunk_ghost_stat_death,
          first_ration, moated_statue

Notes
Turn   | Place    | Note
-------+----------+-------------------------------------------
     0 | D:1      | lepoulpe303 the Troll Monk began the quest for the Orb.
     0 | D:1      | Reached XP level 1. HP: 22/22 MP: 0/0
    23 | D:1      | Identified a +0 club
    85 | D:1      | Identified a +0 short sword
    99 | D:1      | Identified a +0 club
   106 | D:1      | Reached XP level 2. HP: 28/29 MP: 1/1
   174 | D:1      | Identified a +0 club
   480 | D:1      | Identified a +0 club
   497 | D:1      | Reached XP level 3. HP: 36/36 MP: 2/2
   835 | D:2      | Identified a +0 dagger
   839 | D:2      | Identified a +0 club
   839 | D:2      | Identified a +0 hunting sling
   851 | D:2      | Reached skill level 3 in Fighting
   853 | D:2      | Reached XP level 4. HP: 38/45 MP: 3/3
   928 | D:2      | Reached skill level 3 in Dodging
   967 | D:2      | Identified a +0 club
  1061 | D:2      | Identified a +0 spear
  1061 | D:2      | Identified a +0 ring mail
  1061 | D:2      | Identified a cursed -3 ring of strength
  1076 | D:2      | Reached skill level 4 in Unarmed Combat
  1131 | D:2      | Identified a +0 club
  1263 | D:2      | Found an ornate altar of the Wu Jian Council.
  1354 | D:2      | Reached XP level 5. HP: 53/53 MP: 4/4
  1474 | D:3      | Reached skill level 1 in Throwing
  1509 | D:3      | Identified a +0 war axe
  1510 | D:3      | Identified a +0 dagger
  1510 | D:3      | Identified a +0 dagger
  1510 | D:3      | Identified a +0 robe
  1510 | D:3      | Identified a +0 club
  1636 | D:3      | Found a transporter.
  1639 | D:3      | Noticed laxxamousse2's ghost (amateur TrTm)
  1743 | D:3      | Identified a +0 club
  1743 | D:3      | Identified a cursed +0 ring mail
  1746 | D:3      | Found a stormy altar of Qazlal.
  1747 | D:3      | Identified a +0 dagger
  1758 | D:3      | Became a worshipper of Qazlal Stormbringer
  1758 | D:3      | Reached * piety under Qazlal
  1758 | D:3      | Reached ** piety under Qazlal
  1814 | D:3      | Found a transporter.
  1815 | D:3      | Identified a +0 dagger
  1829 | D:3      | Identified a cursed +0 dagger
  1981 | D:3      | Identified a cursed +0 dagger
  1989 | D:3      | Identified 3 scrolls of identify
  1989 | D:3      | Identified a ring of teleportation (You found it on level 2
                  | of the Dungeon)
  1991 | D:3      | Identified a ring of fire (You found it on level 3 of the
                  | Dungeon)
  2061 | D:3      | HP: 12/53 [laxxamousse2's ghost (6)]
  2067 | D:3      | HP: 12/53 [quasit (2)]
  2068 | D:3      | Reached XP level 6. HP: 14/61 MP: 0/5
  2069 | D:3      | Identified 4 potions of curing
  2072 | D:3      | HP: 8/61 [laxxamousse2's ghost (7)]
  2075 | D:3      | Slain by laxxamousse2's ghost

Table legend:
 A = Turns spent in this place as a percentage of turns spent in the entire game.
 B = Non-inter-level travel turns spent in this place as a percentage of non-inter-level travel turns spent in the entire game.
 C = Inter-level travel turns spent in this place as a percentage of turns spent in this place.
 D = Turns resting spent in this place as a percentage of non-inter-level travel turns spent in this place.
 E = Turns spent auto-exploring this place as a percentage of non-inter-level travel turns spent in this place.
 F = Non-inter-level travel turns spent in this place divided by the number of levels of this place that you've seen.
                   A       B       C       D       E      F
               +-------+-------+-------+-------+-------+----------------------
         Total | 100.0 | 100.0 |   7.3 |   0.0 |  76.0 | 641.3
       Dungeon | 100.0 | 100.0 |   7.3 |   0.0 |  76.0 | 641.3
               +-------+-------+-------+-------+-------+----------------------

Table legend:
 A = Kills in this place as a percentage of kills in entire the game.
 B = Kills by you in this place as a percentage of kills by you in the entire game.
 C = Kills by friends in this place as a percentage of kills by friends in the entire game.
 D = Other kills in this place as a percentage of other kills in the entire game.
 E = Experience gained in this place as a percentage of experience gained in the entire game.
 F = Experience gained in this place divided by the number of levels of this place that you have seen.
                   A       B       C       D       E      F
               +-------+-------+-------+-------+-------+----------------------
         Total | 100.0 | 100.0 |   N/A |   N/A | 100.0 | 139.3
       Dungeon | 100.0 | 100.0 |   N/A |   N/A | 100.0 | 139.3
               +-------+-------+-------+-------+-------+----------------------

Skill      XL: |  1  2  3  4  5 |
---------------+----------------+-----
Fighting       | 3 |  3.5
Dodging        | 3 |  3.4
Unarmed Combat | 4 |  4.4
Throwing       | 1 |  1.3
Stealth        | |  1.5
Invocations    | |  0.5

Action                   |  1- 3 |  4- 6 || total
-------------------------+-------+-------++-------
Melee: Unarmed           |   103 |    93 ||   196
       Punch             |       |     1 ||     1
Throw: Boomerang         |    17 |    29 ||    46
       Dart              |     1 |       ||     1
Invok: Upheaval          |       |     1 ||     1
  Use: Scroll            |       |     2 ||     2
       Potion            |       |     1 ||     1
 Stab: Sleeping          |       |     1 ||     1
  Eat: Chunk             |    13 |    11 ||    24
Armor: Robe              |    56 |    39 ||    95
Dodge: Dodged            |    61 |    58 ||   119
Block: Other             |       |     8 ||     8

Vanquished Creatures
  A jelly (D:2)
  2 quasits (D:3)
  A hound (D:3)
  An orc wizard (D:3)
  5 adders
  An ooze (D:2)
  An adder skeleton (D:2)
  5 worms
  3 dart slugs
  3 orcs (D:3)
  3 ball pythons
  4 bats
  3 giant cockroaches
  10 goblins
  5 hobgoblins
  4 jackals (D:1)
  2 quokkas (D:2)
  6 frilled lizards
  8 kobolds
  10 rats
78 creatures vanquished.
